 Dungeon Sprint DCSS version 0.17-a0-1663-gb806841 (webtiles) character file.

3687 Kidiri the Unseen (level 9, -10/39 HPs)
             Began as a Spriggan Enchanter on Aug 16, 2015.
             Was a Believer of Dithmenos.
             Killed from afar by a crystal guardian (45 damage)
             ... with a crystal bolt
             ... in the Dungeon (Sprint II: "The Violet Keep of Menkaure").
             The game lasted 00:11:15 (1767 turns).

Kidiri the Unseen (Spriggan Enchanter)              Turns: 1767, Time: 00:11:15

Health: -10/39     AC:  4    Str:  4    XL:     9   Next: 90%
Magic:  24/26      EV: 31    Int: 18    God:    Dithmenos [**....]
Gold:   276        SH:  0    Dex: 18    Spells: 5 memorised, 21 levels left

rFire  . . .     SeeInvis +     e - +5 captain's cutlass {speed, disarm}
rCold  + . .     Clarity  .     b - +1 robe
rNeg   . . .     SustAt   .     (shield restricted)
rPois  +         Gourm    .     (helmet restricted)
rElec  .         Spirit   .     k - +0 cloak {rPois}
rCorr  .         Warding  .     (gloves unavailable)
rMut   .         NoTele   +     (boots unavailable)
MR     +....                    (no amulet)
Stlth  ++++++++++               p - ring of protection from cold
                                c - ring of stealth

@: very slightly contaminated, hasted, wreathed by umbra, very quick, somewhat
resistant to hostile enchantments, uncannily stealthy
A: unfitting armour, see invisible, herbivore 3, speed 3, slow metabolism 2
a: Shadow Step, Renounce Religion


You were in the Dungeon.
You worshipped Dithmenos.
Dithmenos was pleased with you.
You were not hungry.

You visited 1 branch You collected 1138 gold pieces.
You spent 862 gold pieces at shops.

Inventory:

Hand weapons
 e - the +5 captain's cutlass (weapon) {speed, disarm}
   (You bought it in a shop in the Dungeon)

   Attacks with this weapon are significantly faster.
Armour
 b - a +1 robe (worn)
 k - a +0 cloak of poison resistance (worn)
Jewellery
 c - a ring of stealth (left hand)
 p - a ring of protection from cold (right hand)
Scrolls
 j - 4 scrolls of blinking
 m - a scroll of fog
 q - 4 scrolls of remove curse
 r - a scroll of random uselessness {unknown}
 s - a scroll of recharging {unknown}
 v - 2 scrolls of enchant weapon {unknown}
Potions
 f - 2 potions of heal wounds
 g - a potion of haste
 h - 3 potions of magic
 i - a potion of agility
 o - 3 potions of curing
 t - 3 potions of flight {unknown}
 u - a potion of might {unknown}
 w - a potion of mutation {unknown}
 x - 3 potions of resistance {unknown}
Comestibles
 d - a bread ration


   Skills:
 + Level 8.2 Short Blades
 * Level 14.8 Dodging
 * Level 16.0 Stealth
 * Level 12.8 Spellcasting
 + Level 4.5 Conjurations
 + Level 9.8 Hexes
 + Level 5.0 Ice Magic
 + Level 2.6 Invocations


You had 21 spell levels left.
You knew the following spells:

 Your Spells              Type           Power        Failure   Level  Hunger
a - Corona                Hex            #####..      1%          1    None
b - Ensorcelled Hibernat  Hex/Ice        #####.       1%          2    None
c - Confuse               Hex            #####...     1%          3    None
d - Tukima's Dance        Hex            #####...     1%          3    None
e - Dazzling Spray        Conj/Hex       #####...     1%          3    None


Dungeon Overview and Level Annotations

Branches:
Dungeon (1/1)

Altars:
Cheibriados
Dithmenos
Elyvilon
Fedhas
Gozag
Kikubaaqudgha
Makhleb
Nemelex Xobeh
Okawaru
Qazlal
Ru
Sif Muna
Trog
Vehumet
Xom
Yredelemnul
Zin
The Shining One
Beogh
Jiyva
Lugonu

Shops:
D :==}*%:[?(!!*([!

Annotations:
D exclusion: oklob plant, Kirke, Roxanne


Innate Abilities, Weirdness & Mutations

You are tiny and cannot use many weapons and most armour.
You have supernaturally acute eyesight.
You are a herbivore.
You cover ground extremely quickly.
You need consume almost no food.


Message History

The crystal bolt misses you.
Casting: Dazzling Spray
Confirm with . or Enter, or press ? or * to list all spells.
Aiming: Dazzling Spray
Press: ? - help, Shift-Dir - straight line, f/p - crystal guardian
Aim: a crystal guardian (heavily damaged, umbra)
The spray of energy hits the crystal guardian.
The crystal guardian is heavily damaged.
The crystal guardian completely misses you.
Drink which item? (? for menu, Esc to quit)
You feel yourself speed up. The crystal guardian hits you!
You are very lightly contaminated with residual magic.
Drink which item? (? for menu, Esc to quit)
Magic courses through your body. The crystal guardian barely misses you.
Drink which item? (? for menu, Esc to quit)
You feel much better.
The crystal guardian fires a crystalline bolt at you.
The crystal bolt burns you!
Ouch! That really hurt!
You die...

§§.§§≈**,≈,...,###...▓≈≈≈≈≈§≈≈▓▓*
++#+++##***,...#§##§|▓▓▓▓▓▓▓▓▓▓▓*
.......#,,+,,..#§.#)}▓.((.(..?▓▓,
##+##..#,,***#.#§.#[[▓...[.(..▓▓,
###.##.####,,+.##.#:}▓)[[(...[▓▓,
..##.#....#,,#.^.####▓..(..[..▓▓,
#...####..##*##..##:#▓.[.([.%.▓▓,
##+###.##..#,,+.8#%)#▓....[...▓▓,
##.##.#.#..#,,#.@#..#▓(.....[)▓▓,
+.<.+###+..####..##(#▓(..(.(.)▓▓,
##.##.#.#....###...##▓▓▓▓▓▓▓+▓▓▓▓
##+###.##......§§≈≈≈≈≈≈≈≈≈≈≈...w≈
#.#.####≈≈§....≈#+########+###.X≈
..#..#≈≈≈≈§≈≈..≈#_._.....#≈§§##≈≈
#...##≈≈≈§§≈≈≈.≈#._._....#§§§§###
##+##§≈§≈≈≈≈§≈§≈#_._._...#§§≈§§#*
≈≈≈≈≈§≈§≈§≈≈≈≈≈≈#._._._..#§≈§≈≈§#


You could see a crystal guardian.

Vanquished Creatures
  2 death drakes (D)
  A yaktaur (D)
  3 polar bears (D)
  2 boulder beetles (D)
  2 hippogriffs (D)
  Menkaure (D)
  A swamp drake (D)
  A wasp (D)
  4 necrophages (D)
  4 crocodiles (D)
  4 brain worms (D)
  A scorpion (D)
26 creatures vanquished.

Vanquished Creatures (others)
  A swamp drake (D)
  16 tentacles (D)
  125 tentacle segments (D)
142 creatures vanquished.

Grand Total: 168 creatures vanquished

Notes
Turn   | Place    | Note
--------------------------------------------------------------
     0 | D        | Kidiri the Spriggan Enchanter began the quest for the Orb.
     0 | D        | Reached XP level 1. HP: 9/9 MP: 5/5
     1 | D        | Noticed a brain worm
     1 | D        | Noticed a brain worm
     1 | D        | Noticed a brain worm
     1 | D        | Noticed a brain worm
    16 | D        | Killed a brain worm
    16 | D        | Reached skill level 6 in Dodging
    16 | D        | Reached skill level 7 in Stealth
    16 | D        | Reached skill level 5 in Spellcasting
    16 | D        | Reached XP level 2. HP: 5/13 MP: 6/9
    16 | D        | Reached XP level 3. HP: 6/16 MP: 6/10
    16 | D        | Reached XP level 4. HP: 7/21 MP: 7/12
    23 | D        | Killed a brain worm
    23 | D        | Reached skill level 8 in Stealth
    23 | D        | Reached skill level 5 in Hexes
    26 | D        | Killed a brain worm
    26 | D        | Reached skill level 10 in Stealth
    26 | D        | Reached XP level 5. HP: 24/24 MP: 8/15
    30 | D        | Killed a brain worm
    76 | D        | Learned a level 2 spell: Ensorcelled Hibernation
    80 | D        | Learned a level 3 spell: Confuse
    84 | D        | Learned a level 3 spell: Tukima's Dance
    88 | D        | Learned a level 3 spell: Dazzling Spray
   205 | D        | Noticed a boulder beetle
   205 | D        | Noticed a boulder beetle
   209 | D        | Noticed a hippogriff
   209 | D        | Noticed a hippogriff
   215 | D        | Killed a hippogriff
   215 | D        | Reached skill level 5 in Short Blades
   215 | D        | Reached skill level 10 in Dodging
   215 | D        | Reached skill level 11 in Stealth
   215 | D        | Reached skill level 1 in Conjurations
   215 | D        | Reached skill level 1 in Ice Magic
   215 | D        | Reached XP level 6. HP: 7/28 MP: 12/18
   218 | D        | Killed a hippogriff
   218 | D        | Reached skill level 12 in Stealth
   218 | D        | Reached XP level 7. HP: 8/32 MP: 10/20
   465 | D        | Noticed a necrophage
   465 | D        | Noticed a necrophage
   465 | D        | Noticed a necrophage
   465 | D        | Noticed a necrophage
   475 | D        | Killed a necrophage
   479 | D        | Killed a necrophage
   508 | D        | Killed a necrophage
   508 | D        | Reached skill level 10 in Spellcasting
   534 | D        | Killed a necrophage
   534 | D        | Reached skill level 13 in Stealth
   791 | D        | Killed a boulder beetle
   791 | D        | Reached XP level 8. HP: 34/34 MP: 23/23
   794 | D        | Killed a boulder beetle
   810 | D        | Noticed Roxanne
   812 | D        | Noticed a crocodile
   818 | D        | Killed a crocodile
   819 | D        | Noticed Kirke
   819 | D        | Noticed a yaktaur captain
   819 | D        | Noticed a skeletal warrior
  1005 | D        | Noticed a crocodile
  1012 | D        | Noticed an obsidian statue
  1015 | D        | Found Wuleyhup's Distillery.
  1016 | D        | Found Hoaqiqou's Antique Armour Boutique.
  1017 | D        | Found Orghovoudgh's Assorted Antiques.
  1017 | D        | Found Ciblall's Distillery.
  1018 | D        | Found Tecery's Antique Weapon Shop.
  1018 | D        | Found Jedeasod's Magic Scroll Boutique.
  1019 | D        | Noticed a scorpion
  1021 | D        | Killed a scorpion
  1025 | D        | Found Baak's Food Boutique.
  1025 | D        | Found Ecloapto's General Store.
  1027 | D        | Found Raybafee's Antique Armour Shop.
  1028 | D        | Found Josaa's Jewellery Shop.
  1028 | D        | Found Qodubu's Jewellery Boutique.
  1028 | D        | Found Conow's Distillery.
  1028 | D        | Found Ixtar's Gadget Boutique.
  1029 | D        | Found Plog's Antique Weapon Shop.
  1029 | D        | Found Qoel's Book Boutique.
  1031 | D        | Noticed a redback
  1031 | D        | Noticed a redback
  1031 | D        | Noticed an oklob plant
  1032 | D        | Found Luycao's Book Shoppe.
  1035 | D        | Noticed a yak
  1035 | D        | Noticed a yak
  1036 | D        | Noticed a yak
  1036 | D        | Bought a potion of heal wounds for 90 gold pieces
  1036 | D        | Bought the +5 captain's cutlass {speed, disarm} for 576 gold pieces
  1038 | D        | Bought a glowing robe for 18 gold pieces
  1038 | D        | Bought a glowing cloak for 117 gold pieces
  1058 | D        | Noticed a slime creature
  1064 | D        | Bought a scroll of identify for 28 gold pieces
  1065 | D        | Bought a scroll of remove curse for 33 gold pieces
  1118 | D        | Found a snail-covered altar of Cheibriados.
  1118 | D        | Found a roughly hewn altar of Beogh.
  1119 | D        | Found a basalt altar of Yredelemnul.
  1119 | D        | Found a radiant altar of Vehumet.
  1119 | D        | Found a sacrificial altar of Ru.
  1120 | D        | Found a corrupted altar of Lugonu.
  1120 | D        | Found a white marble altar of Elyvilon.
  1120 | D        | Found a sparkling altar of Nemelex Xobeh.
  1121 | D        | Found an ancient bone altar of Kikubaaqudgha.
  1121 | D        | Found a glowing silver altar of Zin.
  1121 | D        | Found a deep blue altar of Sif Muna.
  1121 | D        | Found a burning altar of Makhleb.
  1122 | D        | Found a stormy altar of Qazlal.
  1122 | D        | Found a bloodstained altar of Trog.
  1123 | D        | Found a shimmering altar of Xom.
  1123 | D        | Found an opulent altar of Gozag.
  1126 | D        | Noticed a yaktaur
  1126 | D        | Noticed a wasp
  1126 | D        | Noticed a polar bear
  1127 | D        | Noticed a polar bear
  1127 | D        | Noticed a polar bear
  1128 | D        | Killed a polar bear
  1128 | D        | Reached skill level 14 in Stealth
  1130 | D        | Killed a polar bear
  1132 | D        | Killed a wasp
  1136 | D        | Killed a polar bear
  1136 | D        | Reached XP level 9. HP: 22/37 MP: 13/25
  1140 | D        | Killed a yaktaur
  1140 | D        | Reached skill level 15 in Stealth
  1271 | D        | Found a shadowy altar of Dithmenos.
  1271 | D        | Found a viscous altar of Jiyva.
  1271 | D        | Found a glowing golden altar of the Shining One.
  1272 | D        | Found a blossoming altar of Fedhas.
  1272 | D        | Found an iron altar of Okawaru.
  1281 | D        | Became a worshipper of Dithmenos the Shadowed
  1283 | D        | Noticed a crocodile
  1289 | D        | Killed a crocodile
  1298 | D        | Noticed Menkaure
  1307 | D        | Noticed a crocodile
  1310 | D        | Killed a crocodile
  1312 | D        | Noticed a kraken
  1315 | D        | Killed a crocodile
  1320 | D        | Killed Menkaure
  1320 | D        | Reached skill level 1 in Invocations
  1718 | D        | Noticed a death drake
  1718 | D        | Noticed a swamp drake
  1723 | D        | Noticed a death drake
  1723 | D        | Noticed a crystal guardian
  1723 | D        | Noticed a swamp drake
  1733 | D        | Killed a swamp drake
  1738 | D        | Killed a death drake
  1742 | D        | Killed a death drake
  1742 | D        | Acquired Dithmenos's first power
  1742 | D        | Reached skill level 16 in Stealth
  1742 | D        | Reached skill level 5 in Ice Magic
  1760 | D        | Killed a swamp drake
  1767 | D        | Killed from afar by a crystal guardian

Vault maps used:
D:        the_violet_keep_of_menkaure

Action                   |  1- 3 |  4- 6 |  7- 9 || total
-------------------------+-------+-------+-------++-------
Melee: Dagger            |    12 |    15 |    64 ||    91
       Cutlass           |       |       |    41 ||    41
 Cast: Corona            |     1 |       |       ||     1
       Ensorcelled Hiber |       |     3 |     9 ||    12
       Dazzling Spray    |       |       |    32 ||    32
       Confuse           |       |       |     8 ||     8
  Use: Potion            |       |     2 |     6 ||     8
       Scroll            |       |       |     6 ||     6
 Stab: Sleeping          |       |     2 |     8 ||    10
       Invisible         |       |       |     7 ||     7
       Confused          |       |       |     1 ||     1
